 Dungeon Crawl Stone Soup version 0.19.4 (webtiles) character file.

249 Naow the Shield-Bearer (level 5, -2/28 HPs)
             Began as a Deep Elf Fire Elementalist on Feb 4, 2017.
             Slain by a gnoll shaman
             ... wielding a +0 club
              (8 damage)
             ... on level 4 of the Dungeon.
             The game lasted 00:06:19 (4092 turns).

Naow the Shield-Bearer (Deep Elf Fire Elementalist) Turns: 4092, Time: 00:06:19

Health: -2/28      AC:  2    Str:  5    XL:     5   Next: 87%
Magic:  0/12       EV: 13    Int: 21    God:
Gold:   130        SH:  7    Dex: 15    Spells: 4 memorised, 1 level left

rFire  . . .     SeeInvis .     k - +2 dagger (venom)
rCold  . . .     Gourm    .     a - +0 robe
rNeg   . . .     Faith    .     j - +2 buckler
rPois  .         Spirit   .     (no helmet)
rElec  .         Reflect  .     (no cloak)
rCorr  .         Harm     .     (no gloves)
MR     .....                    (no boots)
Stlth  ++........               (no amulet)
                                (no ring)
                                (no ring)

@: very slightly contaminated
A: no striking features
a: no special abilities


You were on level 4 of the Dungeon.
You were not hungry.

You visited 1 branch of the dungeon, and saw 4 of its levels.

You collected 130 gold pieces.

Inventory:

Hand Weapons
 k - a +2 dagger of venom (weapon)
Armour
 a - a +0 robe (worn)
 j - a +2 buckler (worn)
Wands
 r - a wand of iceblast (8/15)
Scrolls
 e - 2 scrolls of remove curse {unknown}
 g - 3 scrolls of identify {unknown}
 h - 3 scrolls of noise {unknown}
 i - a scroll of enchant weapon {unknown}
 l - 5 scrolls of recharging {unknown}
 m - 5 scrolls of random uselessness {unknown}
 n - a scroll of immolation {unknown}
 p - a scroll of teleportation {unknown}
 q - a scroll of magic mapping {unknown}
Potions
 d - a potion of mutation {unknown}
 s - 2 potions of heal wounds {unknown}
 t - a potion of magic {unknown}
 v - a potion of berserk rage {unknown}
Books
 b - a book of Flames

   Spells                             Type                      Level
   a - Flame Tongue                   Conjuration/Fire             1
   b - Throw Flame                    Conjuration/Fire             2
   c - Conjure Flame                  Conjuration/Fire             3
   d - Inner Flame                    Hexes/Fire                   3
   e - Sticky Flame                   Conjuration/Fire             4
   f - Fireball                       Conjuration/Fire             5
Comestibles
 c - 4 bread rations
 f - 4 meat rations
 o - 4 fruits
 u - a slice of pizza


   Skills:
 - Level 2.4 Dodging
 - Level 2.4 Stealth
 + Level 4.0 Shields
 - Level 3.6 Spellcasting
 - Level 2.0 Conjurations
 - Level 3.8 Fire Magic


You had one spell level left.
You knew the following spells:

 Your Spells              Type           Power        Failure   Level  Hunger
a - Flame Tongue          Conj/Fire      ###..        4%          1    None
b - Throw Flame           Conj/Fire      ###...       8%          2    ##.....
c - Conjure Flame         Conj/Fire      ###.....     14%         3    ###....
d - Sticky Flame          Conj/Fire      ###.....     41%         4    ####...


Dungeon Overview and Level Annotations

Branches:
Dungeon (4/15)
 Temple: D:4-7

Altars:
Okawaru
Qazlal
Sif Muna

Annotations:
D:3 Kloppie's ghost, amateur MiFi


Message History

Sparks fly from your hands! The gnoll barely misses you.
Casting: Sticky Flame
Confirm with . or Enter, or press ? or * to list all spells.
Aiming: Sticky Flame
Press: ? - help, Shift-Dir - straight line, f/p - gnoll
Aim: a gnoll, wielding a halberd (fast)
You miscast Sticky Flame.
You are caught in a violent explosion!
The explosion engulfs you!
* * * LOW HITPOINT WARNING * * *
The explosion engulfs the gnoll.
The gnoll dies!
You hear a shout! x2
Casting: Sticky Flame
Confirm with . or Enter, or press ? or * to list all spells.
Aiming: Sticky Flame
Press: ? - help, Shift-Dir - straight line, f - gnoll shaman
Aim: a gnoll shaman, wielding a club and wearing a leather armour You miscast Sticky Flame.
Flames sear your flesh. The gnoll shaman hits you with a club!
You die...

#.##..#.#. #........#
#....##..#
####(.......#########
....#.......#.......#
####......?#.#.......#
.g.........#.#.......#
................)....#
.......#.#.#.#.g@..<.#
####.#.#..[#.#.......#
.. ........#.......#
## #####.############
... #.... .....


You could see a gnoll shaman.

Vanquished Creatures
  4 orc wizards (D:3)
  Ijyb (D:3)
  An adder (D:3)
  A gnoll (D:1)
  2 oozes
  3 worms
  2 leopard geckos
  5 orcs (D:3)
  7 bats
  7 giant cockroaches
  11 goblins
  8 hobgoblins
  A quokka (D:3)
  3 frilled lizards
  8 kobolds
  6 rats
70 creatures vanquished.

Vanquished Creatures (others)
  A gnoll (D:4)
1 creature vanquished.

Grand Total: 71 creatures vanquished

Notes
Turn   | Place    | Note
-------+----------+-------------------------------------------
     0 | D:1      | Naow the Deep Elf Fire Elementalist began the quest for the Orb.
     0 | D:1      | Reached XP level 1. HP: 10/10 MP: 6/6
   273 | D:1      | Reached XP level 2. HP: 15/15 MP: 4/8
   700 | D:1      | Reached XP level 3. HP: 19/19 MP: 7/10
  1456 | D:2      | Reached skill level 1 in Shields
  1623 | D:2      | Found a stormy altar of Qazlal.
  1624 | D:2      | Noticed an air elemental
  1627 | D:2      | Noticed an earth elemental
  1627 | D:2      | Noticed a water elemental
  1627 | D:2      | Noticed a fire elemental
  1810 | D:2      | Learned a level 2 spell: Throw Flame
  1814 | D:2      | Learned a level 3 spell: Conjure Flame
  2120 | D:3      | Noticed Kloppie's ghost (amateur MiFi)
  2457 | D:3      | Found an iron altar of Okawaru.
  2494 | D:3      | Found a deep blue altar of Sif Muna.
  2500 | D:3      | Reached XP level 4. HP: 22/24 MP: 8/11
  2862 | D:3      | Reached skill level 2 in Shields
  2916 | D:3      | Reached XP level 5. HP: 10/28 MP: 2/12
  3156 | D:3      | Reached skill level 3 in Shields
  3452 | D:3      | Noticed Ijyb
  3463 | D:3      | Killed Ijyb
  3546 | D:3      | Learned a level 4 spell: Sticky Flame
  3829 | D:3      | Reached skill level 4 in Shields
  4092 | D:4      | Slain by a gnoll shaman

Skill      XL: |  1  2  3  4  5 |
---------------+----------------+-----
Conjurations   | 2 |  2.0
Shields        | 1 2 4 |  4.0
Dodging        | |  2.4
Stealth        | |  2.4
Spellcasting   | |  3.6
Fire Magic     | |  3.8

Action                   |  1- 3 |  4- 6 || total
-------------------------+-------+-------++-------
Melee: Unarmed           |     1 |       ||     1
       Dagger            |    26 |    10 ||    36
 Cast: Flame Tongue      |    62 |    56 ||   118
       Throw Flame       |     3 |    14 ||    17
 Stab: Sleeping          |     3 |     1 ||     4
       Distracted        |     1 |       ||     1
  Eat: Chunk             |     5 |     5 ||    10
Armor: Robe              |     4 |     2 ||     6
Dodge: Dodged            |    30 |    25 ||    55
Block: Buckler           |     9 |     4 ||    13
